 Dungeon Crawl Stone Soup version 0.31.0-11-ge490571c62 (webtiles) character file.

Game seed: 3282286185516404483

40 qw the Shooter (level 3, 0/18 HPs)
             Began as a Spriggan Hunter on Feb 4, 2024.
             Slain by a hobgoblin (1 damage)
             ... led by Robin
             ... on level 2 of the Dungeon.
             The game lasted 00:00:03 (1055 turns).

qw the Shooter (Spriggan Hunter)                    Turns: 1055, Time: 00:00:03

Health: 0/18       AC:  2    Str: 13    XL:     3   Next: 30%
Magic:  4/4        EV: 19    Int: 10    God:
Gold:   59         SH:  0    Dex: 20    Spells: 2/2 levels left

rFire   . . .        a - +1 shortbow
rCold   . . .        (shield currently unavailable)
rNeg    . . .        c - +0 robe
rPois   .            (helmet restricted)
rElec   .            (no cloak)
rCorr   .            (gloves unavailable)
SInv    +            (boots unavailable)
Will    .....        (no amulet)
Stlth   ++           k - +6 ring of strength
HPRegen 0.23/turn    (no ring)
MPRegen 0.09/turn

%: no passive effects
@: very quick
A: very small, no large weapons, unfitting armour, see invisible, speed 3
a: no special abilities


You were on level 2 of the Dungeon.
You visited 1 branch of the dungeon, and saw 2 of its levels.

You collected 59 gold pieces.


Innate Abilities, Weirdness & Mutations

You are very small and have problems with some larger weapons.
You are too small for most types of armour.
You have supernaturally acute eyesight. (SInv)
You cover ground extremely quickly. (Speed+++)


   Skills:
 - Level 1.5 Fighting
 + Level 4.6 Ranged Weapons
 - Level 4.0 Dodging
 - Level 1.5 Stealth


You had 2 spell levels left.
You didn't know any spells.
Your spell library was empty.

Inventory:

Hand Weapons
 a - a +1 shortbow (weapon)
Armour
 c - a +0 robe (worn)
Jewellery
 k - a +6 ring of strength (left hand)
Potions
 d - a potion of attraction {unknown}
 h - a potion of berserk rage {unknown}
 i - a potion of cancellation {unknown}
 j - a potion of curing

Dungeon Overview and Level Annotations

Branches:
Dungeon (2/15)

Altars:


Message History

Robin throws the goblin at you! The goblin misses you.
You shoot an arrow. The arrow hits the goblin.
You kill the goblin!
A goblin comes into view. It is wielding a +0 dagger.
The goblin barely misses you. The goblin hits you with a +0 dagger.
A goblin comes into view. It is wielding a +0 dagger.
You shoot an arrow. The arrow hits the goblin.
The goblin is moderately wounded.
The goblin misses you. x2
You shoot an arrow. The arrow hits the goblin.
You kill the goblin!
The goblin barely misses you.
You shoot an arrow. The arrow hits the goblin!
You kill the goblin!
The goblin misses you. Robin throws the goblin at you!
You shoot an arrow. The arrow closely misses the goblin.
The goblin misses you. The goblin hits you with a +0 dagger.
The goblin closely misses you.
You shoot an arrow. The arrow hits the goblin.
The goblin is severely wounded.
The goblin barely misses you. The goblin hits you with a +0 dagger.
The hobgoblin completely misses you. Robin throws the goblin at you!
The goblin hits you with a +0 dagger. The goblin hits you but does no damage.
You shoot an arrow. The arrow hits the goblin!
You kill the goblin!
The goblin closely misses you. The goblin misses you.
Robin roars a battlecry!
The goblins go into a battle-frenzy!
The goblin hits you with a +0 dagger. The goblin barely misses you.
The hobgoblin barely misses you. The goblin misses you. x2
You shoot an arrow. The arrow hits Robin!
Robin is severely wounded.
The goblin misses you. The hobgoblin completely misses you.
The goblin hits you with a +0 dagger. The goblin misses you.
Robin completely misses you.
You shoot an arrow. The arrow hits Robin!
You kill Robin!
The goblin hits you with a +0 dagger. The goblin barely misses you.
The goblin hits you with a +0 dagger. The hobgoblin hits you.
You die... ### ##.## #...# .}. .gg

#.#
##g##
#g@g#
#g#g#
...#.#
#####.#
#.###
#..<#
#####


You could see a hobgoblin (strong) and 6 goblins.

Vanquished Creatures
  Robin (D:2)
  4 dart slugs (D:1)
  3 endoplasms (D:1)
  A giant cockroach (D:1)
  6 goblins
  4 hobgoblins (D:1)
  A kobold (D:1)
  3 ball pythons (D:1)
  5 frilled lizards (D:1)
  4 rats (D:1)
32 creatures vanquished.

Notes
Turn   | Place    | Note
-------+----------+-------------------------------------------
     0 | D:1      | qw the Spriggan Hunter began the quest for the Orb.
     0 | D:1      | Reached XP level 1. HP: 10/10 MP: 2/2
     0 | D:1      | 0 ||| qw: Version: 0.3-a-160-g6735b56
     0 | D:1      | 0 ||| qw: Game counter: 4972
     0 | D:1      | 0 ||| qw: Melee chars always use a shield: true
     0 | D:1      | 0 ||| qw: God list: Okawaru
     0 | D:1      | 0 ||| qw: Allow faded altars: false
     0 | D:1      | 0 ||| qw: Do Orc after clearing Dungeon:15 true
     0 | D:1      | 0 ||| qw: Do second Lair branch before Depths: true
     0 | D:1      | 0 ||| qw: Lair rune preference: random
     0 | D:1      | 0 ||| qw: Goals: Normal
     0 | D:1      | 0 ||| PLANNING D:1-11
    32 | D:1      | Reached skill level 3 in Dodging
   136 | D:1      | Reached XP level 2. HP: 6/14 MP: 3/3
   670 | D:1      | Reached XP level 3. HP: 18/18 MP: 4/4
   911 | D:1      | 911 ||| DROPPING ring of flight.
   912 | D:1      | 912 ||| UPGRADING to +6 ring of strength.
   913 | D:1      | 913 ||| READING scroll labelled CAIVOC WAWA.
  1014 | D:1      | 1014 ||| READING scroll labelled TISOOTW VALLOO.
  1014 | D:1      | 1014 ||| ENCHANTING +0 shortbow.
  1015 | D:1      | 1015 ||| READING scroll labelled OCWIZI EJEGU.
  1016 | D:1      | 1016 ||| DRINKING 2 puce potions.
  1017 | D:1      | 1017 ||| DROPPING scroll of butterflies.
  1045 | D:2      | Noticed Robin
  1055 | D:2      | Killed Robin
  1055 | D:2      | HP: 3/18 [goblin/+0 dagger[Robin] (3)]
  1055 | D:2      | HP: 1/18 [goblin/+0 dagger[Robin] (2)]
  1055 | D:2      | Slain by a hobgoblin

Levels and vault maps discovered:
D:1:      tekkud_arrival_beachfront_property, layout_loops_corners
D:2:      layout_basic, nicolae_hexahallways, uniq_sigmund, uniq_robin

Skill      XL: |  1  2 |
---------------+-------+-----
Dodging        | 3 4 |  4.0
Fighting       | |  1.5
Ranged Weapons | |  4.6
Stealth        | |  1.5

Action                     || total
---------------------------++-------
   Fire: Shortbow          ||    86
    Use: Scroll            ||     3
         Potion            ||     1
 Armour: Robe              ||    19
  Dodge: Dodged            ||    38

Table legend:
 A = Non-vault XP
 B = Vault XP
 C = Vault XP percentage of total XP
 D = Non-vault monster count
 E = Vault monster count
 F = Vault count percentage of total count
                 A         B        C        D         E       F
            +---------+---------+-------+---------+---------+-------
      Total |      51 |      22 |  30.1 |      27 |       5 |  15.6
            +---------+---------+-------+---------+---------+-------
        D:1 |      51 |       0 |   0.0 |      27 |       0 |   0.0
        D:2 |       0 |      22 | 100.0 |       0 |       5 | 100.0
            +---------+---------+-------+---------+---------+-------
